 Dungeon Crawl Stone Soup version 0.24.1-4-ge52af88ad5 (webtiles) character file.

Game seed: 12598100421359589432, levelgen mode: deterministic

15701 Goreval the Destroyer (level 12, -10/68 HPs)
             Began as a Deep Elf Fire Elementalist on Apr 18, 2020.
             Was an Elder of Vehumet.
             Mangled by a spiny frog (15 damage)
             ... on level 11 of the Dungeon.
             The game lasted 00:47:47 (17289 turns).

Goreval the Destroyer (Deep Elf Fire Elementalist) Turns: 17289, Time: 00:47:47

Health: -10/68     AC: 21    Str:  5    XL:     12   Next: 3%
Magic:  0/26       EV:  7    Int: 35    God:    Vehumet [****..]
Gold:   232        SH:  0    Dex: 15    Spells: 5/27 levels left

rFire    x . .     SeeInvis .   b - staff of energy {don't use (except as enhancer)}
rCold    + + .     Gourm    .   (no shield)
rNeg     . . .     Faith    .   U - +7 ice dragon scales of the Bard {*Corrode +Blink rPois rF- rC++ Int+5}
rPois    +         Spirit   +   G - +1 helmet
rElec    .         Reflect  .   (no cloak)
rCorr    .         Harm     .   w - +2 pair of gloves
MR       +....                  (no boots)
Stlth    +.........             p - amulet of guardian spirit
HPRegen  0.21/turn              d - ring of poison resistance
MPRegen  0.20/turn              D - +4 ring of intelligence

@: very slightly contaminated
A: no striking features
a: Renounce Religion, Evoke Blink


You were on level 11 of the Dungeon.
You worshipped Vehumet.
Vehumet was greatly pleased with you.
You were not hungry.

You visited 3 branches of the dungeon, and saw 15 of its levels.
You also visited: Ice Cave.

You collected 611 gold pieces.
You spent 379 gold pieces at shops.

Inventory:

Hand Weapons
 a - a +5 dagger
Missiles
 l - 257 stones (quivered) {don't use}
Armour
 w - a +2 pair of gloves (worn)
 A - a +3 leather armour of fire resistance
 F - a +2 robe of positive energy
 G - a +1 helmet (worn)
 U - the +7 ice dragon scales of the Bard (worn) {*Corrode +Blink rPois rF- rC++ Int+5}
   (You found it in an ice cave)

   It affects your intelligence (+5).
   It makes you vulnerable to fire.
   It greatly protects you from cold.
   It protects you from poison.
   It lets you blink.
   It may corrode you when you take damage.
Magical Staves
 b - an uncursed staff of energy (weapon) {don't use (except as enhancer)}
 B - an uncursed staff of summoning {don't use (except as enhancer)}
Jewellery
 d - a ring of poison resistance (left hand)
 j - an uncursed ring of positive energy
 m - an uncursed ring of protection from fire
 p - an amulet of guardian spirit (around neck)
 D - a +4 ring of intelligence (right hand)
 J - an uncursed ring of flight
 O - a +3 ring of strength
 Q - an uncursed ring of protection from magic
 W - an uncursed ring of stealth
Wands
 y - a wand of polymorph (8)
 I - a wand of paralysis (11)
 M - a wand of disintegration (13)
 N - a wand of acid (15)
 P - a wand of scattershot (4)
Scrolls
 i - 3 scrolls of fog
 k - a scroll of magic mapping
 q - 5 scrolls of teleportation
 u - 6 scrolls of remove curse
 x - a scroll of fear
 T - a scroll of amnesia
 V - a scroll of blinking
Potions
 e - 2 potions of ambrosia
 f - 11 potions of curing
 h - 2 potions of heal wounds
 s - 3 potions of might
 t - 2 potions of magic
 v - 3 potions of flight
 z - a potion of cancellation
 C - 3 potions of mutation
 R - a potion of agility
Comestibles
 c - 23 rations


   Skills:
 + Level 5.5 Fighting
 + Level 10.2 Dodging
 - Level 5.0 Stealth
 - Level 8.0 Spellcasting
 + Level 11.6 Conjurations
 - Level 4.0 Translocations
 - Level 11.4 Fire Magic


You had 5 spell levels left.
You knew the following spells:

 Your Spells              Type           Power        Failure   Level  Hunger
a - Flame Tongue          Conj/Fire      #####        1%          1    None
b - Throw Flame           Conj/Fire      ######       1%          2    None
c - Conjure Flame         Conj/Fire      #######.     1%          3    None
d - Inner Flame           Hex/Fire       ######..     12%         3    None
e - Fulminant Prism       Conj/Hex       ######....   32%         4    None
f - Fireball              Conj/Fire      #######...   11%         5    None
g - Searing Ray           Conj           ######       1%          2    None
n - Blink                 Tloc           N/A          41%         2    None

Your spell library contained the following spells:

 Spells                   Type           Power        Failure   Level  Hunger
 Magic Dart               Conj           ####         1%          1    None
 Sticky Flame             Conj/Fire      #######.     3%          4    None
 Sting                    Conj/Pois      ####         4%          1    None
 Mephitic Cloud           Conj/Pois/Air  #####...     24%         3    None
 Venom Bolt               Conj/Pois      ######....   65%         5    None
 Call Imp                 Summ           ##......     92%         2    None
 Poisonous Vapours        Pois/Air       ##....       92%         2    None
 Slow                     Hex            ##......     92%         2    None
 Olgreb's Toxic Radiance  Pois           ##......     96%         4    None
 Cause Fear               Hex            ##........   100%        4    None
 Silence                  Hex/Air        ##........   100%        5    None
 Yara's Violent Unravell  Hex/Tmut       ##........   100%        5    None
 Deflect Missiles         Chrm/Air       ##........   100%        6    None
 Discord                  Hex            ##........   100%        8    None


Dungeon Overview and Level Annotations

Branches:
Dungeon (12/15)            Temple (1/1) D:5            Lair (2/6) D:11
  IceCv (visited)
  Swamp: Lair:2-4    Shoals: Lair:2-4     Snake: Lair:2-4    Spider: Lair:2-4
    Orc: D:9-12

Altars:
Ashenzari
Cheibriados
Dithmenos
Elyvilon
Fedhas
Gozag
Hepliaklqana
Kikubaaqudgha
Makhleb
Nemelex Xobeh
Okawaru
Qazlal
Ru
Sif Muna
Trog
Uskayaw
Vehumet
Wu Jian
Xom
Yredelemnul
Zin
The Shining One

Shops:
D:9 *   D:11 **(

Annotations:
D:9 3 runed translucent doors, brob1's ghost, novice DDFi
D:10 2 transporters, monokles's ghost, journeyman TeSu


Message History

Aim: a spiny frog (heavily wounded)
The flame tongue misses the spiny frog.
The spiny frog stings you!
* * * LOW HITPOINT WARNING * * *
You are lethally poisoned!
The spiny frog poisons you!
Aim: a spiny frog (heavily wounded)
The flame tongue hits the spiny frog.
* * * LOW HITPOINT WARNING * * *
You feel sick.
The spiny frog stings you but does no damage.
You feel better. The spiny frog closely misses you. The spiny frog stings you!
* * * LOW HITPOINT WARNING * * *
You don't have enough magic to cast that spell.
Okay, then.
You channel some magical energy.
You feel slightly more hungry.
The spiny frog stings you but does no damage.
You miscast Blink.
You are very lightly contaminated with residual magic.
Strange energies run through your body. The spiny frog stings you!
You die...

....#.......# ###............#...
....#.......####..)..........#...
....+.......#................####
#####.......).P..................
............PPP..P...P...........
###.......P...P..PP..............
..#........P.PP..P.P.............
..#.......P.P.####..P....###.....
..#........P..#[@#.......# ######
..#...........'.F#P.PP...#
###.......P..P####...P...#
............PP..P.P.P....#
..^...........P..........#
####..........P.P.PP.....#
#......#P...PPP.P.....#
#................(....########
#.............................


You could see a spiny frog.

Vanquished Creatures
  Erolcha (D:9)
  Erica (D:9)
  A two-headed ogre (D:8)
  Nergalle (D:10)
  3 ugly things
  3 ice statues (IceCv)
  Psyche (D:9)
  2 hippogriffs
  A spriggan (D:8)
  11 yaks (Lair:1)
  Eustachio (D:6)
  A hungry ghost (D:11)
  2 water moccasins
  4 porcupines
  7 ice beasts
  2 sky beasts
  3 phantoms
  5 orc warriors
  4 black bears
  A necrophage (D:7)
  An eye of draining (D:9)
  9 ogres
  9 centaurs
  A crocodile (Lair:1)
  2 big kobolds
  6 bullfrogs
  A gnoll sergeant (D:9)
  7 scorpions
  9 killer bees
  15 wights
  2 crimson imps
  11 howler monkeys
  A quasit (D:11)
  4 jellies
  A bullfrog skeleton (D:5)
  5 hounds
  2 centaur skeletons
  7 orc priests
  2 gnoll shamans (D:7)
  An iguana (D:9)
  8 orc wizards
  5 worker ants
  A hound zombie (D:6)
  2 hound skeletons
  A worker ant zombie (D:5)
  13 gnolls
  7 adders
  2 shadow imps
  2 adder skeletons (D:4)
  An adder zombie (D:5)
  A worm (D:5)
  3 dart slugs
  5 leopard geckos
  31 orcs
  8 giant cockroaches
  5 goblins
  7 hobgoblins
  8 jackals
  10 quokkas
  2 ball pythons (D:4)
  4 bats
  3 frilled lizards
  13 kobolds
  A leopard gecko skeleton (D:4)
  2 quokka zombies
  5 rats
301 creatures vanquished.

Vanquished Creatures (others)
  23 fulminant prisms
  2 fungi (D:9)
  A plant (D:9)
26 creatures vanquished.

Grand Total: 327 creatures vanquished

Notes
Turn   | Place    | Note
-------+----------+-------------------------------------------
     0 | D:1      | Goreval the Deep Elf Fire Elementalist began the quest for
                  | the Orb.
     0 | D:1      | Reached XP level 1. HP: 10/10 MP: 6/6
   212 | D:1      | Reached XP level 2. HP: 15/15 MP: 4/8
  1177 | D:2      | Reached XP level 3. HP: 19/19 MP: 6/9
  1182 | D:2      | Learned a level 2 spell: Throw Flame
  1186 | D:2      | Learned a level 3 spell: Conjure Flame
  1327 | D:2      | Found a shadowy altar of Dithmenos.
  1798 | D:3      | Found a bloodstained altar of Trog.
  1824 | D:3      | Reached XP level 4. HP: 17/24 MP: 0/11
  2218 | D:3      | Found an opulent altar of Gozag.
  2720 | D:4      | Noticed an ogre
  2851 | D:4      | Killed an ogre
  2851 | D:4      | Reached XP level 5. HP: 28/28 MP: 4/13
  2901 | D:4      | Reached skill level 5 in Fire Magic
  3066 | D:4      | Found a hide-covered altar of Uskayaw.
  3260 | D:4      | Reached XP level 6. HP: 32/32 MP: 8/14
  3619 | D:4      | Found a stormy altar of Qazlal.
  3962 | D:4      | Found a shimmering altar of Xom.
  3963 | D:4      | Found a snail-covered altar of Cheibriados.
  4263 | D:5      | Entered Level 5 of the Dungeon
  4264 | D:5      | Found a staircase to the Ecumenical Temple.
  4270 | D:5      | Reached XP level 7. HP: 36/36 MP: 13/16
  4301 | Temple   | Entered the Ecumenical Temple
  4474 | Temple   | Became a worshipper of Vehumet
  4536 | D:5      | Reached skill level 5 in Spellcasting
  4536 | D:5      | Reached skill level 5 in Conjurations
  5035 | D:5      | Noticed a hippogriff
  5059 | D:5      | Killed a hippogriff
  5059 | D:5      | Reached skill level 5 in Dodging
  5059 | D:5      | Reached XP level 8. HP: 19/41 MP: 0/18
  5533 | D:5      | Learned a level 3 spell: Inner Flame
  5539 | D:5      | Learned a level 5 spell: Fireball
  6251 | D:6      | Noticed Eustachio
  6318 | D:5      | Learned a level 4 spell: Sticky Flame
  6393 | D:6      | Killed Eustachio
  6677 | D:6      | Reached * piety under Vehumet
  6677 | D:6      | Offered knowledge of Shock by Vehumet.
  6704 | D:6      | Found an opulent altar of Gozag.
  7545 | D:7      | Reached skill level 1 in Fighting
  7661 | D:7      | Reached XP level 9. HP: 47/47 MP: 16/20
  7819 | D:7      | Found an iron altar of Okawaru.
  8567 | D:7      | Reached ** piety under Vehumet
  8597 | D:7      | Offered knowledge of Sting by Vehumet.
  8609 | D:7      | Found a shimmering blue altar of Sif Muna.
  9642 | D:7      | Found a shimmering blue altar of Sif Muna.
  9669 | D:7      | Offered knowledge of Searing Ray by Vehumet.
  9673 | D:7      | Learned a level 2 spell: Searing Ray
  9697 | D:7      | Reached XP level 10. HP: 49/56 MP: 10/21
  9769 | D:7      | Got an ancient hand crossbow {don't use}
 10253 | D:3      | Found a shattered altar of Ashenzari.
 10491 | D:8      | Reached skill level 10 in Fire Magic
 10523 | D:8      | Found a sparkling altar of Nemelex Xobeh.
 10682 | D:8      | Found an iron altar of Okawaru.
 10687 | D:8      | Reached *** piety under Vehumet
 11270 | D:8      | Noticed a two-headed ogre
 11282 | D:8      | Killed a two-headed ogre
 11658 | D:9      | Noticed Psyche
 11675 | D:9      | Killed Psyche
 11785 | D:9      | Reached skill level 10 in Conjurations
 11794 | D:9      | Offered knowledge of Ignite Poison by Vehumet.
 11948 | D:9      | Found Fippenyhul's Assorted Antiques.
 12076 | D:9      | Noticed Erica
 12099 | D:9      | Killed Erica
 12283 | D:9      | Found a runed translucent gate.
 12284 | D:9      | Noticed brob1's ghost (novice DDFi)
 12285 | D:9      | Found a runed translucent gate.
 12286 | D:9      | Found a runed translucent gate.
 12287 | D:9      | Identified the +6 short sword of Xibaes {drain, rPois rC+
                  | rN+ Dex-4}
 12678 | D:9      | Found a sparkling altar of Nemelex Xobeh.
 12718 | D:9      | Noticed Erolcha
 12731 | D:9      | Paralysed by Erolcha for 2 turns
 12744 | D:9      | Killed Erolcha
 12744 | D:9      | Reached XP level 11. HP: 41/61 MP: 5/23
 12919 | D:9      | Found a glowing golden altar of the Shining One.
 13011 | D:10     | Entered Level 10 of the Dungeon
 13084 | D:10     | Found a sacrificial altar of Ru.
 13273 | D:10     | Reached **** piety under Vehumet
 13518 | D:10     | Offered knowledge of Fulminant Prism by Vehumet.
 13528 | D:10     | Learned a level 4 spell: Fulminant Prism
 13598 | D:10     | Noticed Nergalle
 13904 | D:9      | Learned a level 2 spell: Blink
 14150 | D:10     | Killed Nergalle
 14264 | D:10     | Reached skill level 1 in Translocations
 14396 | D:10     | Found a transporter.
 14396 | D:10     | Noticed a two-headed ogre
 14401 | D:10     | Found a transporter.
 14407 | D:10     | Noticed a deep troll
 14438 | D:10     | Noticed a two-headed ogre
 14712 | D:10     | Identified the +5 scimitar "Sethy" {holy, *Corrode Int+4
                  | Dex+9}
 14712 | D:10     | Noticed a tengu warrior
 14714 | D:10     | Noticed monokles's ghost (journeyman TeSu)
 14716 | D:10     | Found a bloodstained altar of Trog.
 14725 | D:10     | Identified the cursed +8 giant club of Armageddon {flame,
                  | +Inv rN+ Dex+3}
 14725 | D:10     | Noticed a two-headed ogre
 15204 | D:11     | Found a staircase to the Lair.
 15595 | D:11     | Found Fapuule's General Store.
 15603 | D:11     | Bought 2 potions of curing for 102 gold pieces
 15603 | D:11     | Bought a scroll of enchant armour for 127 gold pieces
 15603 | D:11     | Bought a scroll of teleportation for 51 gold pieces
 15603 | D:11     | Bought a scroll of teleportation for 51 gold pieces
 15607 | D:11     | Found Mowa Iza's General Store.
 15615 | D:11     | Bought a scroll of remove curse for 48 gold pieces
 15862 | D:11     | Noticed a green ugly thing
 15874 | D:11     | Killed a green ugly thing
 16007 | D:11     | Found Noar's Assorted Antiques.
 16026 | D:11     | Found Waodghiep's Antique Weapon Boutique.
 16131 | Lair:1   | Entered Level 1 of the Lair of Beasts
 16441 | Lair:1   | Reached skill level 5 in Stealth
 16500 | Lair:1   | Found a frozen archway.
 16534 | IceCv    | Entered an ice cave
 16536 | IceCv    | Reached skill level 5 in Fighting
 16675 | IceCv    | Noticed a white ugly thing
 16680 | IceCv    | Killed a white ugly thing
 16709 | IceCv    | Reached skill level 10 in Dodging
 16985 | IceCv    | Noticed a white ugly thing
 17033 | IceCv    | Killed a brown ugly thing
 17033 | IceCv    | Reached XP level 12. HP: 30/68 MP: 7/26
 17052 | IceCv    | Got transparent ice dragon scales
 17077 | IceCv    | Identified the +7 ice dragon scales of the Bard {*Corrode
                  | +Blink rPois rF- rC++ Int+5} (You found it in an ice cave)
 17226 | Lair:1   | You fall into a shaft and drop 1 floor!
 17289 | D:11     | Mangled by a spiny frog

Levels and vault maps discovered:
D:1:      scummos_arrival_simple_crosswalls, layout_loops_ring,
          minmay_stone_trees_small, serial_park_tiny_2, serial_bayou_crossing
D:2:      layout_rooms, lemuel_doored_altar, minmay_misc_feat_secret_circle
D:3:      layout_loops_ring, nicolae_overflow_hidden_temple,
          nicolae_gozag_seed_capital, overflow_temple_1_default,
          chequers_serial_rivers_micro_c
D:4:      layout_cave_pools, kennysheep_little_box, lemuel_crystal_altar,
          gammafunk_temple_overflow_pools, first_ration
D:5:      layout_layer_cave, minmay_temple_entry_crystal_x, nrook_mini_backslash
D:6:      layout_basic, basic_altar, uniq_eustachio
D:7:      kennysheep_seaside_town, layout_basic, kennysheep_mini,
          overflow_temple_1_default, basic_altar
D:8:      layout_loops_ring, lemuel_round_altar, the_bakery,
          roderic_roman_lattice, okawaru_altar_gauntlet_db
D:9:      layout_basic, tso_altar, gammafunk_ghost_nasty_kobolds, serial_shops,
          nicolae_shop_overgrown_old_shop, chequers_serial_rivers_room_b,
          nemelex_diamond_rough_becter, uniq_erica, uniq_psyche, uniq_erolcha
D:10:     layout_basic, gammafunk_ghost_wrathful_warriors,
          nicolae_ru_path_of_blood, uniq_nergalle
D:11:     layout_irregular_city, grunt_lair_entry_orc_guard_hut, serial_shops,
          shop_statue, nicolae_shop_stone, shop_fountains, shop
D:12:     layout_long_grid, david_orc_2, kennysheep_boxes
Temple:   cyrus_temple_forest
Lair:1:   layout_long_grid, portal_ice_cave_entry_pillars_2
Lair:2:   wad_woods_stonehenge, layout_regular_city, swamp_mist

Skill      XL: |  1  2  3  4  5  6  7  8  9 10 11 |
---------------+----------------------------------+-----
Conjurations   | 2 3 4 6 7 9 10 11 | 11.6
Dodging        | 3 4 5 6 7 8 10 | 10.2
Fire Magic     | 4 5 6 8 9 11 | 11.4
Spellcasting   | 4 5 6 7 8 |  8.0
Fighting       | 1 3 4 5 |  5.5
Translocations | 4 |  4.0
Stealth        | 5 |  5.0

Action                   |  1- 3 |  4- 6 |  7- 9 | 10-12 || total
-------------------------+-------+-------+-------+-------++-------
Melee: Dagger            |     6 |     2 |    13 |    16 ||    37
Throw: Stone             |       |       |       |     1 ||     1
 Cast: Flame Tongue      |    56 |    96 |   342 |   474 ||   968
       Conjure Flame     |       |     2 |     9 |    10 ||    21
       Throw Flame       |       |     3 |     1 |     4 ||     8
       Sticky Flame      |       |       |     2 |       ||     2
       Fireball          |       |       |     3 |    13 ||    16
       Searing Ray       |       |       |       |     3 ||     3
       Fulminant Prism   |       |       |       |    23 ||    23
       Blink             |       |       |       |     5 ||     5
Evoke: Wand              |       |       |       |     2 ||     2
       Staff of energy   |       |       |       |     1 ||     1
  Use: Scroll            |       |    10 |     4 |    12 ||    26
       Potion            |       |       |       |     3 ||     3
  Eat: Chunk             |     2 |     7 |     8 |    17 ||    34
       Ration            |       |       |     3 |     3 ||     6
Armor: Leather armour    |     4 |    11 |    51 |    66 ||   132
       Ice dragon scales |       |       |       |    19 ||    19
Dodge: Dodged            |    13 |    33 |   196 |   208 ||   450
